 Dungeon Crawl Stone Soup version 0.21-a0-81-gc5150db (webtiles) character file.

136 tehllama the Digger (level 5, -3/28 HPs)
             Began as a Gargoyle Earth Elementalist on June 23, 2017.
             Slain by a leopard gecko (4 damage)
             ... on level 6 of the Dungeon.
             The game lasted 00:10:48 (2779 turns).

tehllama the Digger (Gargoyle Earth Elementalist)   Turns: 2779, Time: 00:10:54

Health: -3/28      AC:  6    Str: 11    XL:     5   Next: 19%
Magic:  0/9        EV: 12    Int: 17    God:
Gold:   130        SH:  0    Dex: 10    Spells: 6/10 levels left

rFire    + . .     SeeInvis .   l - +0 mace
rCold    . . .     Gourm    .   (no shield)
rNeg     + . .     Faith    .   c - +0 robe
rPois    ∞         Spirit   .   (helmet restricted)
rElec    +         Reflect  .   (no cloak)
rCorr    .         Harm     .   (no gloves)
MR       .....                  (no boots)
Stlth    ++........             m - amulet of regeneration
HPRegen  0.49/turn              (no ring)
MPRegen  0.11/turn              (no ring)

@: no status effects
A: hooves 1, horns 1, fire resistance 1, negative energy resistance 1,
electricity resistance, unbreathing, petrification resistance, rot immunity, AC
+4
a: no special abilities


You were on level 6 of the Dungeon.
You were not hungry.

You visited 1 branch of the dungeon, and saw 5 of its levels.

You collected 130 gold pieces.

Inventory:

Hand Weapons
 l - a +0 mace (weapon)
Missiles
 b - 29 stones (quivered)
 p - 3 curare-tipped needles
Armour
 c - a +0 robe (worn)
Magical Staves
 a - an uncursed staff of air
Jewellery
 m - an amulet of regeneration (around neck)
Scrolls
 f - a scroll of fog {unknown}
 h - 4 scrolls of identify {unknown}
 j - 2 scrolls of enchant armour {unknown}
 n - a scroll of fear {unknown}
 o - a scroll of random uselessness {unknown}
 q - 2 scrolls of remove curse {unknown}
 t - a scroll of enchant weapon {unknown}
Potions
 g - a potion of agility {unknown}
 s - a potion of brilliance {unknown}
Books
 e - a book of Geomancy

   Spells                             Type                      Level
   a - Sandblast                      Earth                        1
   b - Passwall                       Transmutation/Earth          2
   c - Stone Arrow                    Conjuration/Earth            3
   d - Petrify                        Transmutation/Earth          4
   e - Lee's Rapid Deconstruction     Earth                        5
 r - a book of Conjurations

   Spells                             Type                      Level
   a - Magic Dart                     Conjuration                  1
   b - Searing Ray                    Conjuration                  2
   c - Dazzling Spray                 Conjuration/Hexes            3
   d - Fulminant Prism                Conjuration/Hexes            4
   e - Force Lance                    Conjuration/Translocation    4
   f - Iskenderun's Mystic Blast      Conjuration                  4
Comestibles
 d - 3 bread rations
 k - 4 fruits


   Skills:
 - Level 1.5 Dodging
 - Level 2.1 Stealth
 + Level 3.1 Spellcasting
 + Level 2.0 Conjurations
   Level 0.7 Transmutations
 + Level 5.4 Earth Magic


You had 6 spell levels left.
You knew the following spells:

 Your Spells              Type           Power        Failure   Level  Hunger
a - Sandblast             Erth           ###...       1%          1    None
b - Stone Arrow           Conj/Erth      ###...       11%         3    ###....


Dungeon Overview and Level Annotations

Branches:
Dungeon (4/15)
 Temple: D:4-7

Altars:
Dithmenos


Innate Abilities, Weirdness & Mutations

You are resistant to torment.
Your stone body is resilient. (AC +4)
You are immune to poison.
You resist negative energy. (rN+)
You are resistant to electric shocks. (rElec)
You can survive without breathing.
You are immune to petrification.
You are immune to rotting.
You have large cloven feet.
You have a pair of small horns on your head.
Your flesh is heat resistant. (rF+)


Message History

The bullfrog hits you. The leopard gecko closely misses you.
The bullfrog closely misses you.
The gnoll hits you from afar with a halberd!
The leopard gecko barely misses you.
You closely miss the leopard gecko.
The leopard gecko is heavily wounded.
The bullfrog hits you but does no damage.
The leopard gecko closely misses you.
The gnoll hits you from afar with a halberd!
* * * LOW HITPOINT WARNING * * *
The bullfrog hits you but does no damage.
The gnoll misses you.
It was a potion of mutation.
You feel extremely strange.
You feel resistant to heat. A pair of horns grows on your head!
Your feet thicken and deform.
The bullfrog hits you.
* * * LOW HITPOINT WARNING * * *
The leopard gecko barely misses you. The bullfrog barely misses you.
The leopard gecko bites you.
You die...

##.. ##
#..#### ..<
...#.. ##
..? ..#.#
...
#..##.#.#..
........
#.#).#
#..Fl#
##..@#
#g).....#
#..........
#.......###
#########


You could see a bullfrog, a gnoll and a leopard gecko.

Vanquished Creatures
  6 gnolls
  An adder (D:2)
  An adder zombie (D:6)
  3 dart slugs (D:1)
  A leopard gecko (D:3)
  2 orcs (D:3)
  8 bats
  4 giant cockroaches
  4 goblins
  4 hobgoblins
  7 jackals
  2 ball pythons (D:1)
  4 frilled lizards
  5 kobolds
  7 rats
59 creatures vanquished.

Notes
Turn   | Place    | Note
-------+----------+-------------------------------------------
     0 | D:1      | tehllama the Gargoyle Earth Elementalist began the quest for the Orb.
     0 | D:1      | Reached XP level 1. HP: 10/10 MP: 3/3
   377 | D:1      | Reached XP level 2. HP: 15/15 MP: 1/5
   385 | D:1      | Reached skill level 4 in Earth Magic
   769 | D:1      | Reached XP level 3. HP: 11/19 MP: 6/6
   906 | D:1      | Learned a level 3 spell: Stone Arrow
  1468 | D:2      | You fall through a shaft for 2 floors!
  1790 | D:2      | Reached skill level 5 in Earth Magic
  1790 | D:2      | Reached XP level 4. HP: 9/24 MP: 5/8
  1792 | D:2      | Reached skill level 1 in Conjurations
  1855 | D:2      | Found a shadowy altar of Dithmenos.
  2767 | D:3      | You fall through a shaft for 3 floors!
  2768 | D:6      | Reached XP level 5. HP: 28/28 MP: 5/9
  2779 | D:6      | Gained mutation: Your flesh is heat resistant. (rF+) [potion of mutation]
  2779 | D:6      | Gained mutation: You have a pair of small horns on your head. [potion of mutation]
  2779 | D:6      | Gained mutation: You have large cloven feet. [potion of mutation]
  2779 | D:6      | HP: 1/28 [bullfrog (4)]
  2779 | D:6      | Slain by a leopard gecko

Vault maps used:
D:1:      dpeg_arrival_castle
D:2:      nicolae_dithmenos_through_a_glass_darkly
D:3:      first_bread, hangedman_decor_clover_reticule
D:4:      nicolae_ru_awakened_eye, gup_sewer_entry_bubbles, uniq_natasha
D:6:      nicolae_overflow_crystal_walls, marbit_many_paths, serial_aquarium,
          aquarium_bridge_long_separate, aquarium_window_fake,
          aquarium_window_corner, aquarium_view_2c, aquarium_balcony_3b,
          aquarium_pool_1, minmay_misc_feat_diagonals, vehumet_altar_wand_db

Skill      XL: |  1  2  3  4  5 |
---------------+----------------+-----
Earth Magic    | 4 5 |  5.4
Conjurations   | 1 2 |  2.0
Spellcasting   | 3 |  3.1
Dodging        | |  1.5
Stealth        | |  2.1
Transmutations | |  0.7

Action                   |  1- 3 |  4- 6 || total
-------------------------+-------+-------++-------
Melee: Club              |    39 |       ||    39
       Mace              |    30 |    45 ||    75
 Cast: Sandblast         |    31 |    30 ||    61
  Use: Potion            |       |     1 ||     1
  Eat: Chunk             |     2 |       ||     2
       Bread ration      |     1 |       ||     1
Armor: Robe              |    51 |    36 ||    87
Dodge: Dodged            |    87 |    69 ||   156
